Map: [ESL] Goldenaura

Players

herO

  • Race: Protoss Protoss
  • Spawn Location: 12:00

Cure - Winner!

  • Race: Terran Terran
  • Spawn Location: 5:00

Event: IEM Katowice 2024

VOD

Have the link to the VOD?

Description

Time

  • Played on: Feb. 10, 2024, 3:48 p.m.
  • Length: 5:33

All games in this series

Show
View Real Time Build Order
Export as new Build Order

herO Protoss 

Build Orders: 1 Gate Expand 

Get SALT Encoding   

  12  0:00  Probe  
  13  0:12  Probe  
  14  0:17  Pylon  
  14  0:24  Probe  
  15  0:35  Gateway  
  15  0:36  Probe (Chrono Boost)  
  16  0:43  Assimilator  
  16  0:48  Probe (Chrono Boost)  
  17  0:53  Probe (Chrono Boost)  
  18  1:03  Probe  
  19  1:15  Probe  
  20  1:22  Zealot, Cybernetics Core  
  22  1:38  Nexus  
  22  1:44  Pylon  
  22  1:48  Probe  
  23  1:54  Assimilator  
  23  1:59  Adept (Chrono Boost)  
  23  2:01  Warp Gate  
  23  2:05  Probe  
  26  2:17  Probe  
  26  2:22  Stalker (Chrono Boost)  
  30  2:35  Twilight Council  
  30  2:38  Shield Battery  
  30  2:39  Shield Battery  
  30  2:43  Shield Battery  
  29  2:46  Pylon  
  29  2:48  Probe  
  29  2:49  Stalker (Chrono Boost)  
  29  3:00  Probe  
  27  3:10  Stalker (Chrono Boost)  
  26  3:14  Probe  
  23  3:24  Robotics Facility  
  21  3:35  Probe  
  22  3:48  Probe  
  23  3:52  Stargate  
  23  4:00  Zealot  
  25  4:06  Probe  
  26  4:20  Stalker  
  23  4:34  Oracle (Chrono Boost)  
  21  4:48  Stalker  
Show
View Real Time Build Order
Export as new Build Order

Cure Terran - Winner!

Build Orders:  

Get SALT Encoding   

  12  0:00  SCV  
  13  0:12  SCV  
  14  0:17  Supply Depot  
  14  0:24  SCV  
  15  0:40  Barracks  
  15  0:44  Refinery  
  15  0:56  Barracks  
  15  1:00  SCV  
  16  1:13  SCV  
  17  1:26  Barracks Tech Lab  
  17  1:27  Orbital Command  
  17  1:37  Supply Depot  
  17  1:42  Barracks Tech Lab  
  17  1:45  Marauder  
  19  1:52  SCV  
  20  1:55  Concussive Shells  
  20  2:05  Marauder  
  22  2:10  SCV  
  22  2:13  Marauder  
  25  2:21  Supply Depot  
  25  2:22  SCV  
  26  2:27  Marauder  
  28  2:35  Marauder  
  28  2:36  SCV  
  31  2:49  Bunker  
  26  3:07  Marauder  
  26  3:12  Marauder  
  28  3:13  SCV  
  25  3:25  SCV  
  23  3:29  Marauder  
  25  3:36  Marauder  
  25  3:37  SCV  
  28  3:44  Supply Depot  
  27  3:50  Marauder, SCV  
  30  3:58  Marauder  
  30  4:02  SCV  
  33  4:09  Refinery  
  33  4:12  Marauder  
  33  4:14  SCV  
  32  4:26  Marauder  
  32  4:30  SCV  
  33  4:40  Marauder  
  33  4:43  SCV  
  33  4:44  Factory  
  36  4:47  Marauder  
  36  4:52  Engineering Bay  
  38  4:55  SCV  
  37  5:07  SCV  
  32  5:18  Missile Turret  

Tags
 
Add a new tag
Caveats
  • Supply blocks, unpowered buildings, or Contaminate may cause inaccurate times.
  • Supply counts are checked every 10 seconds.